AoeStats
← SirEscara19

Arena

508953250Analyzed
1v1 RM · 9d ago on Sep 24, 2026· 80m 0s· 2 players
Game mode
Random Map
Map size
Tiny (2 player)
Population
200
Speed
Normal
Resources
Standard
Victory
Conquest
Starting age
Dark Age
Ending age
Imperial Age
RankedLock teamsTeams togetherTeam positionsShared explorationLock speedFull tech treeHidden civsTurbo modeCheats
Victory
Defeat
🇫🇷 Wei · France
844
+16
🇺🇾 Byzantines · Uruguay
834
-16
SirEscara19
7:12 Loom
11:50 Feudal Age
14:14 Wheelbarrow
13:30 Double-Bit Axe
17:23 Horse Collar
19:46 Castle Age
18:38 Stone Mining
19:35 Gold Mining
21:24 Bow Saw
22:35 Treadmill Crane
22:50 Murder Holes
28:01 Fortified Wall
29:14 Hand Cart
34:50 Imperial Age
34:27 Stone Shaft Mining
34:27 Gold Shaft Mining
34:06 Forging
33:57 Padded Archer Armor
33:47 Fletching
34:20 Ballistics
36:33 Chemistry
36:36 Two-Man Saw
36:24 Conscription
39:31 Greek Fire
46:01 Scale Barding Armor
45:56 Scale Mail Armor
46:32 Iron Casting
45:47 Fletching
46:26 Cavalier
47:06 Husbandry
48:18 Chain Barding Armor
48:14 Chain Mail Armor
48:04 Heavy Plow
50:00 Paladin
50:59 Leather Archer Armor
50:39 Bodkin Arrow
53:06 Plate Barding Armor
58:28 Light Cavalry
58:41 Elite Skirmisher
61:35 Coinage
61:11 Bracer
61:42 Ring Archer Armor
65:37 Hussar
71:32 Pikeman
72:13 Squires
72:53 Halberdier
jaxom
12:10 Feudal Age
10:26 Loom
13:15 Double-Bit Axe
13:14 Horse Collar
20:07 Castle Age
18:50 Fletching
19:01 Padded Archer Armor
20:09 Forging
20:00 Scale Mail Armor
20:07 Scale Barding Armor
20:02 Gold Mining
21:48 Wheelbarrow
20:58 Town Watch
24:12 Hand Cart
23:57 Town Patrol
26:05 Bodkin Arrow
27:30 Bow Saw
27:23 Heavy Plow
28:01 Gold Shaft Mining
30:16 Thumb Ring
30:28 Leather Archer Armor
33:48 Imperial Age
34:14 Pikeman
34:55 Squires
36:23 Parthian Tactics
39:23 Chemistry
38:44 Ballistics
38:20 Murder Holes
38:06 Treadmill Crane
42:46 Halberdier
43:35 Bracer
44:05 Ring Archer Armor
44:11 Iron Casting
45:38 Tuntian
48:23 Ming Guang Armor
49:36 Blast Furnace
51:32 Conscription
51:34 Stone Mining
52:01 Elite Tiger Cavalry
53:46 Chain Barding Armor
53:42 Chain Mail Armor
54:34 Light Cavalry
55:25 Bloodlines
55:15 Husbandry
67:21 Hussar
Connection lost

Rejoining the realm…

Still unreachable

The connection could not be restored.

Session expired

The server has moved on; the page needs a fresh start.